 Dungeon Crawl Stone Soup version 0.31-a0-963-ga325b2283a (webtiles) character file.

Game seed: 16353903965275157860

424 Zonian the Ducker (level 6, -2/54 HPs)
             Began as a Deep Elf Shapeshifter on Oct 24, 2023.
             Was an Initiate of Ashenzari.
             Slain by Menkaure (17 damage)
             ... on level 4 of the Dungeon.
             The game lasted 00:11:51 (5636 turns).

Zonian the Ducker (Deep Elf Shapeshifter)           Turns: 5636, Time: 00:11:52

Health: -2/54      AC: 23    Str: 11    XL:     6   Next: 64%
Magic:  8/8        EV:  2    Int: 17    God:    Ashenzari [......]
Gold:   131        SH:  0    Dex: 20    Spells: 4/5 levels left

rFire   . . .        e - +0 dagger (vamp)
rCold   . . .        (no shield)
rNeg    . . .        a - melded +0 animal skin
rPois   +            (helmet currently unavailable)
rElec   .            (cloak currently unavailable)
rCorr   .            (gloves currently unavailable)
SInv    .            (boots currently unavailable)
Will    .....        (no amulet)
Stlth   ++           j - +6 ring of dexterity
HPRegen 0.29/turn    r - ring of poison resistance
MPRegen 0.11/turn

%: no passive effects
@: tree-form
A: stationary, stasis, torment immunity, boosted hp
a: Renounce Religion


You were on level 4 of the Dungeon.
You worshipped Ashenzari.
Ashenzari was noncommittal.
You were a tree.
You visited 2 branches of the dungeon, and saw 6 of its levels.

You collected 131 gold pieces.

Inventory:

Hand Weapons
 e - a +0 vampiric dagger (weapon)
 i - a +2 dagger of pain
 o - a +0 sling of freezing
Missiles
 l - 2 curare-tipped darts
Armour
 a - a +0 animal skin (melded)
 n - a +0 pair of boots
Jewellery
 j - a +6 ring of dexterity (left branch)
 r - a ring of poison resistance (right branch)
Talismans
 c - a beast talisman
 d - a flux talisman
Scrolls
 q - a scroll of revelation
Potions
 f - 5 potions of magic
 g - 4 potions of brilliance
 h - a potion of curing {unknown}
 m - a potion of ambrosia
 p - a potion of heal wounds {unknown}


   Skills:
 + Level 2.6 Fighting
 + Level 2.5 Short Blades
 + Level 4.6 Dodging
 + Level 1.1 Stealth
 - Level 2.7 Unarmed Combat
 + Level 0.9 Transmutations
 + Level 1.0 Poison Magic
 + Level 4.6 Shapeshifting


You had 4 spell levels left.
You knew the following spells:

 Your Spells              Type           Power      Damage    Failure   Level
a - Sting                 Tmut/Pois      12%        1d3       16%         1

Your spell library contained the following spells:

 Spells                   Type           Power      Damage    Failure   Level
 Poisonous Vapours        Pois/Air       2%         N/A       28%         2
 Cigotuvi's Dreadful Rot  Necr/Pois/Air  2%         N/A       30%         2
 Ignite Poison            Fire/Tmut/Pois 2%         N/A       47%         3
 Olgreb's Toxic Radiance  Pois           3%         N/A       83%         4
 Freezing Cloud           Conj/Ice/Air   0%         6-21      100%        5


Dungeon Overview and Level Annotations

Branches:
Dungeon (5/15)             Temple (1/1) D:5

Altars:
Ashenzari
Dithmenos
Elyvilon
Fedhas
Gozag
Nemelex Xobeh
Okawaru
Qazlal
Ru
Sif Muna
Trog
Uskayaw
Vehumet
Wu Jian
Xom
Yredelemnul
Zin
The Shining One

Shops:
D:2 ?

Annotations:
D:3 Terence
D:4 Menkaure


Message History

You hit Menkaure.
Menkaure is lightly damaged.
The hound bites you but does no damage. The orc hits you but does no damage.
The adder bites you but does no damage. The hound bites you but does no damage.
Unknown command.
The adder hisses angrily.
You hit the hound but do no damage.
The hound is moderately wounded.
The hound bites you but does no damage.
Menkaure casts a spell.
Menkaure seems to speed up.
The adder bites you but does no damage. The orc hits you with a +0 club.
You hit Menkaure.
Menkaure is moderately damaged.
The hound barely misses you. The adder bites you but does no damage.
Menkaure hits you. The orc hits you but does no damage.
Unknown command.
You hit Menkaure.
Menkaure is moderately damaged.
The hound bites you but does no damage. The adder bites you but does no damage.
Menkaure hits you but does no damage. The hound bites you but does no damage.
The orc hits you but does no damage.
Unknown command.
You hit Menkaure.
Menkaure is heavily damaged.
The adder bites you.
* * * LOW HITPOINT WARNING * * *
Menkaure hits you.
* * * LOW HITPOINT WARNING * * *
The hound bites you but does no damage. The orc hits you but does no damage.
You hit Menkaure.
Menkaure is heavily damaged.
The adder bites you but does no damage. Menkaure hits you but does no damage.
The hound bites you but does no damage.
Unknown command.
You hit the hound.
The hound is heavily wounded.
The adder bites you but does no damage. The hound bites you but does no damage.
Menkaure hits you!
You die...

.....
...######
......#.#
.......##
.........
#......$#
#So....#
#♣h...#
#SM##.#
#....
..##...
... ..##
#... .#
.... .
..... ..


You could see Menkaure (fast), a hound, 2 adders and an orc.

Vanquished Creatures
  Sigmund (D:2)
  An ogre (D:4)
  3 gnolls (D:5)
  6 adders
  A worm (D:5)
  2 dart slugs
  3 orcs (D:4)
  6 endoplasms
  3 giant cockroaches
  2 goblins
  10 hobgoblins
  8 jackals (D:1)
  A quokka (D:2)
  7 ball pythons
  7 bats
  A frilled lizard (D:1)
  11 kobolds
  3 rats
76 creatures vanquished.

Notes
Turn   | Place    | Note
-------+----------+-------------------------------------------
     0 | D:1      | Zonian the Deep Elf Shapeshifter began the quest for the
                  | Orb.
     0 | D:1      | Reached XP level 1. HP: 11/11 MP: 3/3
   367 | D:1      | Reached skill level 1 in Fighting
   545 | D:1      | Reached XP level 2. HP: 16/16 MP: 4/4
  1120 | D:1      | Reached XP level 3. HP: 20/20 MP: 5/5
  2684 | D:2      | Reached skill level 1 in Short Blades
  2684 | D:2      | Reached XP level 4. HP: 8/25 MP: 6/6
  2719 | D:2      | Found a faded altar of an unknown god.
  2970 | D:2      | Found Naetyng's Magic Scroll Boutique.
  3256 | D:2      | Noticed Sigmund
  3282 | D:2      | Killed Sigmund
  3283 | D:2      | Reached XP level 5. HP: 28/31 MP: 7/7
  3788 | D:3      | Reached XP level 6. HP: 36/36 MP: 8/8
  4124 | D:3      | Noticed Terence
  4253 | D:3      | Learned a level 1 spell: Sting
  5070 | D:5      | Entered Level 5 of the Dungeon
  5105 | D:5      | Reached skill level 1 in Stealth
  5235 | D:5      | Found a staircase to the Ecumenical Temple.
  5242 | Temple   | Entered the Ecumenical Temple
  5274 | Temple   | Became a worshipper of Ashenzari the Shackled
  5554 | D:5      | Reached skill level 1 in Poison Magic
  5607 | D:5      | Identified the +1 ring mail of the Tanner {rC+}
  5610 | D:4      | Noticed Menkaure
  5636 | D:4      | Slain by Menkaure

Illustrated notes

Levels and vault maps discovered:
D:1:      dpeg_arrival_pond, layout_loops_corners, minmay_splitting_lines,
          kennysheep_small_spiral, kennysheep_flooded_box
D:2:      layout_rooms, serial_shops, nicolae_shop_window_shopping,
          nicolae_ecumenical_snake_handling, uniq_sigmund
D:3:      layout_basic, uniq_terence
D:4:      layout_cave_pools, cheibriados_altar_1, uniq_menkaure,
          uniq_crazy_yiuf_cottage
D:5:      cheibrodos_quashed, layout_basic, kiku_gazebo_garden_becter,
          minmay_temple_entry_ruins, serial_corexii_hall,
          corexii_hall_statues_i, corexii_hall_statues_l,
          chequers_hall_statues_y
Temple:   dpeg_five_rooms_temple

Skill      XL: |  1  2  3  4  5  6 |
---------------+-------------------+-----
Fighting       | 1 2 |  2.6
Dodging        | 3 4 |  4.6
Short Blades   | 1 2 |  2.5
Shapeshifting  | 4 |  4.6
Stealth        | 1 |  1.1
Poison Magic   | 1 |  1.0
Unarmed Combat | |  2.7
Transmutations | |  0.9

Action                     |  1- 3 |  4- 6 || total
---------------------------+-------+-------++-------
  Melee: Unarmed           |    37 |       ||    37
         Dagger            |   158 |   149 ||   307
         Punch             |     6 |     6 ||    12
  Throw: Dart              |       |     2 ||     2
   Cast: Sting             |       |     2 ||     2
    Use: Scroll            |       |     8 ||     8
         Potion            |       |     2 ||     2
   Stab: Sleeping          |     2 |     3 ||     5
 Armour: Animal skin       |    88 |    40 ||   128
         Skin              |       |    71 ||    71
  Dodge: Dodged            |   125 |    87 ||   212

Table legend: (Time is in decaauts)
 A = Elapsed time spent in this place.
 B = Non-inter-level travel time spent in this place.
 C = Inter-level travel time spent in this place.
 D = Time resting spent in this place.
 E = Time spent auto-exploring this place.
 F = Levels seen in this place.
 G = Mean time per level.
                   A        B        C        D        E       F      G
               +--------+--------+--------+--------+--------+-----+--------+
         Total |   5617 |   5512 |    105 |   3061 |   1435 |   6 |  936.2 |
       Dungeon |   5554 |   5449 |    105 |   3061 |   1435 |   5 | 1110.8 |
        Temple |     62 |     62 |      0 |      0 |      0 |   1 |   62.0 |
               +--------+--------+--------+--------+--------+-----+--------+

Top non-repeatable levels by time:
     D:1: 2202 daAuts
     D:2: 1303 daAuts
     D:3: 956 daAuts
     D:4: 618 daAuts
     D:5: 474 daAuts
  Temple: 62 daAuts
